 Dungeon Sprint DCSS version 0.16-a0-3841-g2612308 (console) character file.

2562 Monkaria the Fencer (level 9, -9/96 HPs)
             Began as a Hill Orc Fighter on Jan 30, 2015.
             Was a Plaything of Xom.
             Mangled by a catoblepas (13 damage)
             ... in the Dungeon (Sprint IX: "|||||||||||||||||||||||||||||").
             The game lasted 00:02:46 (1242 turns).

Monkaria the Fencer (Hill Orc Fighter)              Turns: 1242, Time: 00:02:46

Health: -9/96      AC: 11    Str: 30    XL:     9   Next: 56%
Magic:  9/9        EV:  2    Int:  8    God:    Xom [..*...]
Gold:   0          SH:  0    Dex: 18    Spells: 0 memorised, 8 levels left

rFire  . . .     SeeInvis .     p - +2 scimitar (holy)
rCold  . . .     Clarity  .     r - +1 chain mail
rNeg   + + +     SustAb   .     c - +0 shield
rPois  ∞         Gourm    .     (no helmet)
rElec  .         Spirit   .     q - +0 cloak
rCorr  .         Warding  .     (no gloves)
rMut   .         NoTele   +     (no boots)
MR     .....                    (no amulet)
Stlth  ..........               t - +3 ring of dexterity
                                s - +3 ring of strength

@: mighty, agile, petrified, very slightly contaminated, invisible, not
resistant to hostile enchantments, extremely unstealthy
A: no striking features
a: Renounce Religion


You were in the Dungeon.
You worshipped Xom.
You were a toy of Xom.
You were hungry.

You visited 1 branch

Inventory:

Hand weapons
 p - a +2 scimitar of holy wrath (weapon)
Armour
 c - a +0 shield (worn)
 q - a +0 cloak (worn)
 r - a +1 chain mail (worn)
Jewellery
 s - a +3 ring of strength (left hand)
 t - a +3 ring of dexterity (right hand)
Magical devices
 o - a wand of cold (6)
Scrolls
 b - 6 scrolls of enchant weapon
 k - 2 scrolls of blinking
 m - 4 scrolls of remove curse
 n - 3 scrolls of amnesia
 u - a scroll of fog
Potions
 a - a potion of cure mutation
 e - a potion of might
 f - 6 potions of curing
 g - 4 potions of heal wounds
 h - a potion of haste
 i - 4 potions of magic
 j - 2 potions of berserk rage
 l - a potion of invisibility
Comestibles
 d - a meat ration


   Skills:
 + Level 14.5 Fighting
 * Level 17.9 Long Blades
 - Level 3.2 Armour
 - Level 3.2 Shields


You had 8 spell levels left.
You didn't know any spells.

Dungeon Overview and Level Annotations

Branches:
Dungeon (1/1)

Altars:
Cheibriados
Dithmenos
Elyvilon
Fedhas
Gozag
Kikubaaqudgha
Makhleb
Nemelex Xobeh
Okawaru
Qazlal
Ru
Sif Muna
Trog
Vehumet
Xom
Yredelemnul
Zin
The Shining One
Beogh
Jiyva
Lugonu


Message History

Unknown command.
You hit the catoblepas.
The catoblepas is severely wounded.
You are slowing down.
The catoblepas breathes a plume of calcifying dust at you.
The blast of calcifying dust hits you!
* * * LOW HITPOINT WARNING * * *
You completely miss the catoblepas.
The catoblepas is severely wounded.
Your limbs have turned to stone.
The catoblepas breathes a plume of calcifying dust at you.
The blast of calcifying dust hits you!
* * * LOW HITPOINT WARNING * * *
You have turned to stone.
The catoblepas breathes a plume of calcifying dust at you.
The blast of calcifying dust hits you!
* * * LOW HITPOINT WARNING * * *
The catoblepas gores you!!
You die...
Xom is highly amused!

▓▓▓▓▓▓▓▓▓▓▓▓▓▓▓▓▓▓▓▓▓▓▓▓▓▓▓▓▓▓▓▓▓
.).....'_____________________'..|
▓▓▓▓▓▓▓▓▓▓▓▓▓▓▓▓▓▓▓▓▓▓▓▓▓▓▓▓▓▓▓▓▓
.................................
▓▓▓▓▓▓▓▓▓▓▓▓▓▓▓▓▓▓▓▓▓▓▓▓▓▓▓▓▓▓▓▓▓
...[.?....§§.÷..@Y...††..Y.....
▓▓▓▓▓▓▓▓▓▓▓▓▓▓▓▓▓▓▓▓▓▓▓▓▓▓▓▓▓▓▓


You could see a catoblepas.

Vanquished Creatures
  4 spiny frogs (D)
  A basilisk (D)
  A yak (D)
  A hungry ghost (D)
  A hippogriff (D)
  A soldier ant (D)
  A black bear (D)
  5 crocodiles (D)
  An ogre (D)
  A giant frog (D)
  A scorpion (D)
  An iguana (D)
  A worker ant (D)
  3 adders (D)
  2 river rats (D)
  An adder skeleton (D)
  An adder zombie (D)
  An orc (D)
  A goblin (D)
  5 hobgoblins (D)
  A giant newt (D)
  2 quokkas (D)
  2 rats (D)
39 creatures vanquished.

Notes
Turn   | Place    | Note
--------------------------------------------------------------
     0 | D        | Monkaria, the Hill Orc Fighter, began the quest for the Orb.
     0 | D        | Reached XP level 1. HP: 19/19 MP: 1/1
     9 | D        | Reached skill level 4 in Fighting
    90 | D        | Noticed an iguana
    92 | D        | Reached XP level 2. HP: 28/28 MP: 2/2
   106 | D        | Killed an iguana
   106 | D        | Reached skill level 5 in Fighting
   106 | D        | Reached skill level 6 in Long Blades
   106 | D        | Reached XP level 3. HP: 3/37 MP: 3/3
   113 | D        | Found a glowing silver altar of Zin.
   113 | D        | Found a glowing golden altar of the Shining One.
   113 | D        | Found an ancient bone altar of Kikubaaqudgha.
   113 | D        | Found a basalt altar of Yredelemnul.
   113 | D        | Found a shimmering altar of Xom.
   113 | D        | Found a radiant altar of Vehumet.
   113 | D        | Found an iron altar of Okawaru.
   114 | D        | Found a burning altar of Makhleb.
   115 | D        | Found a deep blue altar of Sif Muna.
   116 | D        | Found a bloodstained altar of Trog.
   117 | D        | Found a sparkling altar of Nemelex Xobeh.
   118 | D        | Found a white marble altar of Elyvilon.
   119 | D        | Found a roughly hewn altar of Beogh.
   120 | D        | Found a viscous altar of Jiyva.
   121 | D        | Found a corrupted altar of Lugonu.
   122 | D        | Found a blossoming altar of Fedhas.
   123 | D        | Found a snail-covered altar of Cheibriados.
   124 | D        | Found a shadowy altar of Dithmenos.
   125 | D        | Found a stormy altar of Qazlal.
   126 | D        | Found an opulent altar of Gozag.
   127 | D        | Found a sacrificial altar of Ru.
   386 | D        | Became a worshipper of Xom of Chaos
   413 | D        | Noticed an ogre
   413 | D        | Noticed a scorpion
   413 | D        | Noticed a yak
   416 | D        | Killed an ogre
   416 | D        | Reached skill level 7 in Fighting
   416 | D        | Reached skill level 8 in Long Blades
   416 | D        | Reached XP level 4. HP: 44/47 MP: 4/4
   416 | D        | Reached XP level 5. HP: 48/52 MP: 5/5
   425 | D        | Killed a scorpion
   425 | D        | Reached skill level 9 in Long Blades
   436 | D        | Killed a yak
   436 | D        | Reached skill level 11 in Long Blades
   436 | D        | Reached XP level 6. HP: 51/66 MP: 6/6
   507 | D        | Noticed a soldier ant
   507 | D        | Noticed a basilisk
   507 | D        | Noticed a black bear
   507 | D        | Noticed a hungry ghost
   507 | D        | Noticed a hippogriff
   507 | D        | Noticed a worker ant
   518 | D        | Killed a soldier ant
   518 | D        | Reached skill level 10 in Fighting
   518 | D        | Reached skill level 12 in Long Blades
   522 | D        | Killed a basilisk
   522 | D        | Reached skill level 13 in Long Blades
   522 | D        | Reached XP level 7. HP: 59/74 MP: 7/7
   525 | D        | XOM: divination: magic mapping
   528 | D        | XOM: harmless Chrm miscast
   532 | D        | Killed a black bear
   548 | D        | Killed a hungry ghost
   548 | D        | Reached skill level 14 in Long Blades
   548 | D        | XOM: harmless Trmt miscast
   552 | D        | Killed a hippogriff
   552 | D        | Reached XP level 8. HP: 60/83 MP: 8/8
   558 | D        | Killed a worker ant
   590 | D        | XOM: harmless Erth miscast
   816 | D        | Noticed a spiny frog
   816 | D        | Noticed a crocodile
   816 | D        | Noticed a giant frog
   821 | D        | Killed a spiny frog
   821 | D        | Reached skill level 15 in Long Blades
   823 | D        | Noticed a crocodile
   828 | D        | Killed a crocodile
   830 | D        | Killed a giant frog
   842 | D        | XOM: potion effect (might)
   844 | D        | XOM: harmless Pois miscast
   849 | D        | Killed a crocodile
   849 | D        | Reached skill level 16 in Long Blades
  1134 | D        | XOM is BORED!
  1134 | D        | XOM: noise
  1143 | D        | Noticed a spiny frog
  1143 | D        | Noticed a crocodile
  1143 | D        | Noticed a crocodile
  1143 | D        | Noticed a spiny frog
  1143 | D        | Noticed a spiny frog
  1146 | D        | Noticed a crocodile
  1151 | D        | XOM: potion effect (haste)
  1154 | D        | Killed a spiny frog
  1154 | D        | Reached XP level 9. HP: 74/93 MP: 9/9
  1156 | D        | Noticed a catoblepas
  1164 | D        | Killed a crocodile
  1169 | D        | XOM: potion effect (agility)
  1171 | D        | Killed a crocodile
  1171 | D        | Reached skill level 17 in Long Blades
  1174 | D        | XOM: potion effect (might)
  1188 | D        | Killed a spiny frog
  1188 | D        | XOM: potion effect (heal wounds)
  1213 | D        | XOM: potion effect (curing)
  1218 | D        | Killed a spiny frog
  1223 | D        | XOM: harmless Hex miscast
  1224 | D        | Killed a crocodile
  1228 | D        | XOM: potion effect (invisibility)
  1239 | D        | HP: 4/96 [catoblepas/blast of calcifying dust (3)]
  1242 | D        | Mangled by a catoblepas

Action                   |  1- 3 |  4- 6 |  7- 9 || total
-------------------------+-------+-------+-------++-------
Melee: Long sword        |    34 |       |       ||    34
       Scimitar          |     3 |    34 |   110 ||   147
Evoke: Wand              |       |     1 |       ||     1
  Use: Potion            |       |       |     2 ||     2
 Stab: Petrified         |       |       |     2 ||     2
  Eat: Chunk             |       |       |     3 ||     3
